 Dungeon Crawl Stone Soup version 0.22-a0-373-gab1296c (webtiles) character file.

6704 Gildeon the Sneak (level 11, -1/72 HPs)
             Began as a Halfling Assassin on Apr 23, 2018.
             Was a Priest of Dithmenos.
             Slain by a polar bear (7 damage)
             ... in an ice cave on Apr 25, 2018.
             The game lasted 01:04:18 (11205 turns).

Gildeon the Sneak (Halfling Assassin)              Turns: 11205, Time: 01:04:18

Health: -1/72      AC:  8    Str: 12    XL:     11   Next: 23%
Magic:  14/14      EV: 24    Int: 12    God:    Dithmenos [***...]
Gold:   460        SH:  0    Dex: 24    Spells: 3/14 levels left

rFire    . . .     SeeInvis .   a - +3 dagger (venom)
rCold    . . .     Gourm    .   (shield restricted)
rNeg     . . .     Faith    .   i - +0 leather armour
rPois    .         Spirit   .   l - +0 helmet
rElec    .         Reflect  .   N - +1 cloak
rCorr    .         Harm     .   (no gloves)
MR       .....                  w - +0 pair of boots
Stlth    +++++++...             B - amulet of the acrobat
HPRegen  0.22/turn              j - +2 ring of intelligence
MPRegen  0.14/turn              E - ring of wizardry

@: agile, wreathed by umbra
A: small, mutation resistance 1
a: Shadow Step, Renounce Religion


You were in an ice cave.
You worshipped Dithmenos.
Dithmenos was most pleased with you.
You were not hungry.

You visited 3 branches of the dungeon, and saw 11 of its levels.
You also visited: Sewer, Ossuary and Ice Cave.

You collected 460 gold pieces.

Inventory:

Hand Weapons
 a - a +3 dagger of venom (weapon)
 b - a +0 blowgun
 c - a +1 dagger of flaming
Missiles
 e - 37 poisoned needles
 s - 5 needles of frenzy
 M - a curare-tipped needle
Armour
 h - a scarf of cloud immunity
 i - a +0 leather armour (worn)
 l - a +0 helmet (worn)
 w - a +0 pair of boots (worn)
 J - a scarf of repulsion
 N - a +1 cloak (worn)
Jewellery
 j - a +2 ring of intelligence (left hand)
 y - a cursed -3 ring of dexterity {unknown}
 B - an amulet of the acrobat (around neck)
 C - an uncursed amulet of guardian spirit
 E - a ring of wizardry (right hand)
Wands
 f - a wand of acid (8)
 m - a wand of digging (12)
 I - a wand of disintegration (16)
Scrolls
 q - 3 scrolls of remove curse
 r - a scroll of fog
 t - 4 scrolls of teleportation
Potions
 k - 3 potions of curing
 n - 2 potions of cancellation
 p - 6 potions of flight
 v - 4 potions of brilliance
 x - a potion of invisibility {unknown}
 A - a potion of might {unknown}
 D - a potion of agility
 F - a potion of resistance {unknown}
 G - 2 potions of mutation {unknown}
 H - 2 potions of berserk rage {unknown}
 K - a potion of ambrosia {unknown}
 L - a potion of haste
Comestibles
 g - 13 rations


   Skills:
 + Level 6.3 Fighting
 - Level 6.7 Short Blades
 - Level 5.9 Throwing
 - Level 5.0 Armour
 - Level 5.9 Dodging
 - Level 7.0 Stealth
 - Level 2.1 Spellcasting
 - Level 2.0 Hexes
 - Level 2.3 Charms
 - Level 2.6 Necromancy
 - Level 2.9 Translocations
 - Level 5.0 Invocations
 - Level 5.0 Evocations


You had 3 spell levels left.
You knew the following spells:

 Your Spells              Type           Power        Failure   Level  Hunger
a - Infusion              Chrm           #...         5%          1    ##.....
b - Shroud of Golubria    Chrm/Tloc      #.........   8%          2    ###....
c - Song of Slaying       Chrm           #.......     9%          2    ###....
d - Regeneration          Chrm/Necr      #.........   16%         3    ####...
e - Spectral Weapon       Hex/Chrm       #.......     16%         3    ####...


Dungeon Overview and Level Annotations

Branches:
Dungeon (8/15)             Temple (1/1) D:4            Lair (2/6) D:8
  Swamp: Lair:2-4    Shoals: Lair:2-4     Snake: Lair:2-4    Spider: Lair:2-4

Altars:
Ashenzari
Dithmenos
Elyvilon
Fedhas
Gozag
Hepliaklqana
Kikubaaqudgha
Nemelex Xobeh
Okawaru
Qazlal
Ru
Uskayaw
Yredelemnul

Shops:
D:7 [


Innate Abilities, Weirdness & Mutations

You are small and have problems with some larger weapons.
You are somewhat resistant to further mutation.


Message History

The polar bear claws you but does no damage. x2
The yak snorts and paws the ground.
The yak closely misses you. The wolf completely misses you.
You feel agile all of a sudden.
You kill the yak!
Dithmenos accepts your kill. The wolf completely misses you.
The polar bear misses you.
The polar bear closely misses you. x2; The wolf barely misses you.
You hit the wolf but do no damage.
The wolf looks as sick as possible!
The wolf is almost dead.
The polar bear misses you.
The polar bear completely misses you. x2
The wolf completely misses you.
You barely miss the polar bear.
The polar bear is moderately wounded.
The wolf misses you. The polar bear bites you!
* * * LOW HITPOINT WARNING * * *
The polar bear completely misses you.
The polar bear claws you but does no damage.
You feel better. The wolf misses you. The polar bear bites you!
You die...

## #.## ...
#.. ##..
##..#
#...######
##h.###.#∩#
#..###@...#
#..#.hh†..#
#.......∩##
##...#####
#####


You could see a polar bear and a wolf.

Vanquished Creatures
  3 komodo dragons (Lair:1)
  2 rime drakes (Lair:2)
  Grinder (D:5)
  Prince Ribbit (D:5)
  2 hippogriffs
  A yak (IceCv)
  Sigmund (D:2)
  2 hungry ghosts (D:7)
  A steam dragon (D:7)
  6 water moccasins
  A porcupine (Lair:1)
  A black bear (D:8)
  An ice beast (D:8)
  A wolf (IceCv)
  3 ogres
  A centaur (D:5)
  2 big kobolds (Sewer)
  A crocodile (Lair:1)
  8 bullfrogs
  4 scorpions
  5 killer bees (D:7)
  An electric eel (Lair:2)
  A crimson imp (D:5)
  2 howler monkeys (D:6)
  A quasit (Sewer)
  A centaur zombie (Ossuary)
  A bullfrog zombie (D:7)
  5 hounds
  3 orc priests
  2 jellies
  A human zombie (Ossuary)
  2 bullfrog skeletons (D:8)
  Crazy Yiuf (D:5)
  5 orc wizards
  3 iguanas
  8 worker ants
  5 big kobold zombies
  A hound zombie (D:7)
  4 mummies (Ossuary)
  A howler monkey skeleton (D:8)
  10 adders
  2 river rats (D:6)
  5 shadow imps
  3 ufetubi (Sewer)
  An ooze (Sewer)
  2 adder skeletons (D:4)
  A worm (D:2)
  10 leopard geckos
  20 orcs
  A ball python (D:5)
  3 giant cockroaches
  7 goblins
  12 hobgoblins
  7 jackals
  4 quokkas
  8 bats
  4 frilled lizards
  A giant cockroach zombie (D:5)
  A goblin zombie (Ossuary)
  18 kobolds
  2 kobold zombies (Ossuary)
  A leopard gecko skeleton (D:4)
  A leopard gecko zombie (D:8)
  2 orc zombies (Ossuary)
  A quokka skeleton (D:4)
  10 rats
  2 rat zombies (D:7)
235 creatures vanquished.

Vanquished Creatures (others)
  A yak (IceCv)
  3 wolves (IceCv)
  A kobold zombie (Sewer)
5 creatures vanquished.

Grand Total: 240 creatures vanquished

Notes
Turn   | Place    | Note
-------+----------+-------------------------------------------
     0 | D:1      | Gildeon the Halfling Assassin began the quest for the Orb.
     0 | D:1      | Reached XP level 1. HP: 14/14 MP: 1/1
   157 | D:1      | Reached skill level 5 in Stealth
   157 | D:1      | Reached XP level 2. HP: 19/19 MP: 2/2
   366 | D:1      | Reached XP level 3. HP: 15/24 MP: 3/3
   967 | D:2      | Reached XP level 4. HP: 26/29 MP: 4/4
  1371 | D:2      | Noticed Sigmund
  1382 | D:2      | Killed Sigmund
  1382 | D:2      | Reached XP level 5. HP: 34/34 MP: 5/5
  1382 | D:2      | Reached XP level 6. HP: 39/39 MP: 6/6
  2117 | D:3      | Noticed an ogre
  2134 | D:3      | Killed an ogre
  2427 | D:3      | Found a basalt altar of Yredelemnul.
  3050 | D:4      | Reached XP level 7. HP: 46/46 MP: 7/7
  3316 | D:4      | Noticed a water moccasin
  3319 | D:4      | Killed a water moccasin
  3319 | D:4      | Reached skill level 5 in Fighting
  3526 | D:4      | Found a staircase to the Ecumenical Temple.
  3532 | Temple   | Entered the Ecumenical Temple
  3595 | Temple   | Became a worshipper of Dithmenos the Shadowed
  3739 | D:4      | Reached XP level 8. HP: 48/57 MP: 8/8
  4318 | D:5      | Entered Level 5 of the Dungeon
  4351 | D:5      | Noticed Prince Ribbit
  4370 | D:5      | Killed Prince Ribbit
  4509 | D:5      | Noticed Grinder
  4514 | D:5      | Paralysed by Grinder for 5 turns
  4531 | D:5      | Killed Grinder
  4531 | D:5      | Reached skill level 5 in Throwing
  5109 | D:5      | Reached XP level 9. HP: 59/62 MP: 9/9
  5116 | D:5      | Found a runed door.
  5120 | D:5      | Noticed Crazy Yiuf
  5127 | D:5      | Killed Crazy Yiuf
  5289 | D:6      | Found a glowing drain.
  5290 | D:6      | Reached * piety under Dithmenos
  5385 | Sewer    | Entered a sewer
  5577 | Sewer    | Found a burning altar of Makhleb.
  5589 | Sewer    | Reached skill level 5 in Dodging
  5923 | Sewer    | Reached skill level 1 in Armour
  5924 | Sewer    | Reached ** piety under Dithmenos
  6020 | D:6      | Found an iron altar of Okawaru.
  6162 | D:6      | Found a hide-covered altar of Uskayaw.
  6526 | D:6      | Upgraded the game from 0.22-a0-368-g870eee8 to 0.22-a0-373-gab1296c
  6758 | D:7      | Reached skill level 5 in Armour
  6762 | D:7      | Found a sand-covered staircase.
  6775 | Ossuary  | Entered an ossuary
  6864 | Ossuary  | Reached skill level 1 in Invocations
  7284 | D:7      | Found Quhes's Antique Armour Shoppe.
  7324 | D:7      | Reached XP level 10. HP: 67/68 MP: 12/12
  7563 | D:7      | Reached skill level 5 in Invocations
  7566 | D:7      | Reached *** piety under Dithmenos
  7648 | D:7      | Reached skill level 1 in Evocations
  8507 | D:8      | Learned a level 1 spell: Infusion
  8510 | D:8      | Learned a level 2 spell: Shroud of Golubria
  8513 | D:8      | Learned a level 2 spell: Song of Slaying
  8541 | D:8      | Found a staircase to the Lair.
  8571 | D:8      | Reached skill level 5 in Evocations
  9173 | D:8      | Reached skill level 6 in Stealth
  9360 | Lair:1   | Entered Level 1 of the Lair of Beasts
  9360 | Lair:1   | Noticed a komodo dragon
  9382 | Lair:1   | Killed a komodo dragon
  9382 | Lair:1   | Reached skill level 1 in Spellcasting
  9501 | Lair:1   | Noticed a komodo dragon
  9528 | Lair:1   | Killed a komodo dragon
  9809 | Lair:1   | Reached skill level 1 in Translocations
 10021 | Lair:1   | Reached skill level 7 in Stealth
 10190 | Lair:1   | Noticed a komodo dragon
 10241 | Lair:1   | Killed a komodo dragon
 10241 | Lair:1   | Reached XP level 11. HP: 72/72 MP: 14/14
 10246 | Lair:1   | Learned a level 3 spell: Regeneration
 10250 | Lair:1   | Learned a level 3 spell: Spectral Weapon
 10918 | Lair:2   | Reached skill level 1 in Hexes
 10961 | Lair:2   | Found a frozen archway.
 10969 | Lair:2   | Reached skill level 1 in Necromancy
 10992 | IceCv    | Entered an ice cave
 11204 | IceCv    | HP: 1/72 [polar bear (17)]
 11205 | IceCv    | Slain by a polar bear

Vault maps used:
D:1:      dpeg_arrival_yet_another_circle
D:2:      minivault_27, uniq_sigmund
D:3:      yredelemnul_altar_generic
D:4:      minmay_diamond_boxcup, minmay_temple_entry_hall, first_ration
D:5:      uniq_crazy_yiuf_cottage, uniq_grinder, uniq_prince_ribbit1
D:6:      cheibrodos_sewer_entry_sluice, hangedman_feature_mirror,
          grunt_decor_cap
D:7:      enter_ossuary_4, serial_shops, shop
D:8:      lair_entry_dummy
Temple:   minmay_crystal_snake_temple
Lair:1:   minmay_hedge_maze
Lair:2:   portal_ice_cave_rime, roderic_carrion_pond, serial_bayou_shore_a,
          infiniplex_staircase_pool_2
Sewer:    kennysheep_sewer_church
Ossuary:  ossuary_crypta
IceCv:    ice_cave_caverns_03

Skill      XL: |  1  2  3  4  5  6  7  8  9 10 11 |
---------------+----------------------------------+-----
Stealth        | 5 7 |  7.0
Short Blades   | 3 4 6 |  6.7
Fighting       | 3 5 6 |  6.3
Throwing       | 5 |  5.9
Dodging        | 2 5 |  5.9
Armour         | 5 |  5.0
Invocations    | 3 5 |  5.0
Evocations     | 5 |  5.0
Spellcasting   | 2 |  2.1
Charms         | 2 |  2.3
Translocations | 2 |  2.9
Hexes          | 2 |  2.0
Necromancy     | 2 |  2.6

Action                   |  1- 3 |  4- 6 |  7- 9 | 10-12 || total
-------------------------+-------+-------+-------+-------++-------
Melee: Dagger            |    52 |    94 |   583 |   331 ||  1060
 Fire: Blowgun           |    28 |    28 |    58 |    14 ||   128
Evoke: Wand              |       |       |     2 |    35 ||    37
  Use: Scroll            |     2 |     9 |     8 |     4 ||    23
       Potion            |       |     2 |     2 |     5 ||     9
 Stab: Sleeping          |     7 |     8 |     6 |    13 ||    34
       Distracted        |       |       |     4 |       ||     4
       Paralysed         |       |       |       |     1 ||     1
  Eat: Ration            |       |     2 |     2 |     2 ||     6
       Chunk             |       |     2 |     9 |     4 ||    15
Armor: Robe              |     2 |       |       |       ||     2
       Leather armour    |     2 |    15 |    89 |    40 ||   146
Dodge: Dodged            |    17 |    42 |   411 |   320 ||   790

Table legend:
 A = Spawn XP
 B = Non-spawn XP
 C = Spawn XP percentage of total XP
 D = Spawn monster count
 E = Non-spawn monster count
 F = Spawn count percentage of total count
 G = Total turns spent on level
                    A         B        C        D         E        F      G
               +---------+---------+-------+---------+---------+-------+---------
         Total |       0 |    9578 |   0.0 |       0 |     235 |   0.0 | 11205
               +---------+---------+-------+---------+---------+-------+---------
           D:1 |       0 |      40 |   0.0 |       0 |      24 |   0.0 |   726
           D:2 |       0 |     268 |   0.0 |       0 |      21 |   0.0 |   929
           D:3 |       0 |     145 |   0.0 |       0 |      17 |   0.0 |  1363
           D:4 |       0 |     750 |   0.0 |       0 |      24 |   0.0 |  1186
           D:5 |       0 |     873 |   0.0 |       0 |      17 |   0.0 |   946
           D:6 |       0 |     480 |   0.0 |       0 |      20 |   0.0 |   781
           D:7 |       0 |    1789 |   0.0 |       0 |      29 |   0.0 |  1132
           D:8 |       0 |     936 |   0.0 |       0 |      22 |   0.0 |  1165
        Lair:1 |       0 |    2085 |   0.0 |       0 |      10 |   0.0 |  1294
        Lair:2 |       0 |    1242 |   0.0 |       0 |       7 |   0.0 |   338
         Sewer |       0 |     449 |   0.0 |       0 |      30 |   0.0 |   615
       Ossuary |       0 |     191 |   0.0 |       0 |      12 |   0.0 |   403
         IceCv |       0 |     330 |   0.0 |       0 |       2 |   0.0 |   213
               +---------+---------+-------+---------+---------+-------+---------
